Map: Acid Plant LE

Players

Clem

  • Race: Terran Terran
  • Spawn Location: 5:00

ShoWTimE - Winner!

  • Race: Protoss Protoss
  • Spawn Location: 11:00

Event: WCS Valencia 2018

VOD

Have the link to the VOD?

Description

Time

  • Played on: July 13, 2018, 10:24 a.m.
  • Length: 10:53

All games in this series

Show
View Real Time Build Order
Export as new Build Order

Clem Terran 

Build Orders: Gas First Reaper Expand, Reaper Expand, MMM Bio 

Get SALT Encoding   

  12  0:00  SCV  
  13  0:12  SCV  
  14  0:17  Supply Depot  
  14  0:24  SCV  
  14  0:28  Refinery  
  15  0:38  SCV  
  16  0:44  Barracks  
  16  0:50  SCV  
  17  1:02  SCV  
  18  1:15  SCV  
  19  1:31  Reaper, Orbital Command  
  20  1:44  Command Center  
  20  1:57  Factory  
  20  2:00  SCV  
  21  2:05  Barracks Reactor  
  21  2:10  Supply Depot  
  21  2:15  SCV  
  21  2:22  Refinery  
  22  2:28  SCV  
  23  2:40  SCV  
  23  2:42  Marine x2  
  26  2:44  Starport  
  25  2:52  SCV  
  25  2:54  Widow Mine  
  28  2:58  Orbital Command  
  28  3:02  Marine  
  28  3:03  Marine  
  29  3:10  SCV  
  30  3:18  Cyclone  
  33  3:22  Marine  
  33  3:24  SCV  
  33  3:26  SCV  
  36  3:33  Viking  
  38  3:37  SCV  
  38  3:38  SCV  
  40  3:42  Supply Depot  
  40  3:43  Marine  
  41  3:49  SCV  
  41  3:50  SCV  
  41  3:54  Cyclone  
  45  3:57  Marine  
  45  4:01  SCV  
  46  4:04  Marine  
  46  4:06  Supply Depot  
  46  4:08  Medivac  
  49  4:10  SCV  
  49  4:13  SCV  
  49  4:16  Marine  
  52  4:22  SCV, Marine  
  54  4:28  SCV  
  54  4:29  Factory Tech Lab  
  55  4:33  Command Center  
  55  4:35  SCV  
  56  4:40  SCV  
  56  4:41  Marine x2  
  59  4:50  Supply Depot  
  59  4:52  Siege Tank  
  62  4:54  Liberator  
  62  5:11  Marine x2  
  62  5:12  SCV x2  
  69  5:16  Supply Depot  
  66  5:24  SCV x2  
  68  5:29  Marine x2  
  68  5:34  Barracks  
  70  5:36  SCV x2, Barracks  
  72  5:46  Refinery  
  72  5:47  Marine x2  
  72  5:48  SCV x2, Refinery  
  76  5:55  Orbital Command  
  76  5:57  Factory Reactor  
  76  6:00  SCV x2  
  76  6:03  Starport Tech Lab  
  78  6:05  Marine  
  78  6:07  Engineering Bay  
  78  6:08  Engineering Bay  
  79  6:12  SCV x2, Marine  
  79  6:23  Marine  
  79  6:24  SCV x3  
  83  6:28  Supply Depot  
  83  6:29  Stimpack  
  83  6:30  Marine, Marauder  
  86  6:33  Starport Reactor  
  86  6:34  Supply Depot  
  86  6:35  Combat Shields  
  86  6:36  SCV x3  
  86  6:38  Terran Infantry Weapons Level 1  
  86  6:39  Terran Infantry Armor Level 1  
  89  6:42  Marauder  
  89  6:44  Orbital Command  
  89  6:46  Widow Mine  
  93  6:48  Widow Mine  
  93  6:49  Supply Depot  
  93  6:52  SCV x2  
  97  6:57  Supply Depot, Marine x2  
  97  6:58  Marauder  
  101  7:04  Barracks  
  101  7:07  Barracks  
  101  7:08  Supply Depot  
  101  7:10  SCV  
  101  7:11  SCV  
  101  7:12  SCV  
  101  7:15  Marine  
  106  7:17  Marauder  
  106  7:18  Widow Mine x2  
  106  7:19  Medivac  
  106  7:22  Medivac  
  115  7:25  Supply Depot  
  115  7:26  SCV x2  
  115  7:29  Marauder  
  118  7:34  Marine  
  118  7:35  Armory  
  120  7:37  Marine  
  120  7:38  SCV x2  
  120  7:42  Widow Mine x2  
  126  7:48  Supply Depot  
  126  7:49  SCV, Refinery x2  
  127  7:54  Medivac x2  
  127  7:56  Marauder  
  127  7:57  Barracks Tech Lab  
  133  7:59  Barracks Reactor, Marine  
  133  8:00  Marine  
  133  8:03  SCV x2  
  133  8:04  SCV  
  138  8:10  Missile Turret  
  138  8:11  Marauder  
  136  8:16  SCV x3  
  136  8:19  Widow Mine  
  138  8:22  Liberator  
  138  8:26  Widow Mine  
  126  8:28  SCV x2  
  126  8:31  SCV, Marauder  
  116  8:40  Widow Mine  
  116  8:43  Marauder  
  116  8:44  Marine  
  117  8:53  Orbital Command  
  117  8:55  SCV x2  
  114  8:57  Widow Mine  
  114  9:00  SCV  
  113  9:05  Starport  
  113  9:07  SCV x2  
  113  9:12  Marauder  
  115  9:19  SCV x3  
  115  9:21  Widow Mine  
  121  9:31  SCV x2  
  121  9:33  Liberator, Widow Mine  
  121  9:34  SCV  
  121  9:37  Fusion Core  
  125  9:42  Marine  
  125  9:43  SCV x2, Marine  
  129  9:46  SCV  
  129  9:52  Marine  
  133  9:55  SCV  
  133  9:56  SCV  
  133  9:58  Widow Mine x2  
  140  10:02  Marauder  
  142  10:10  SCV x2  
  142  10:11  SCV  
  135  10:14  Starport Tech Lab  
  135  10:20  Widow Mine x2  
  129  10:22  SCV  
  129  10:23  SCV  
  129  10:26  Marine x3  
  129  10:27  Marine x2  
  124  10:28  SCV  
  124  10:34  SCV  
  128  10:39  SCV  
  128  10:40  SCV  
Show
View Real Time Build Order
Export as new Build Order

ShoWTimE Protoss - Winner!

Build Orders: 1 Gate Expand 

Get SALT Encoding   

  12  0:00  Probe  
  13  0:12  Probe  
  14  0:17  Pylon  
  14  0:24  Probe  
  15  0:32  Probe  
  15  0:39  Gateway  
  15  0:40  Probe  
  16  0:46  Assimilator  
  17  0:51  Probe  
  18  1:03  Probe  
  19  1:15  Probe  
  20  1:27  Cybernetics Core  
  20  1:35  Nexus  
  20  1:40  Pylon  
  20  1:42  Probe  
  21  1:51  Assimilator  
  22  1:54  Adept, Probe  
  22  2:03  Warp Gate  
  22  2:06  Probe  
  25  2:11  Stalker  
  25  2:18  Probe  
  28  2:31  Probe  
  29  2:41  Stalker  
  31  2:46  Probe  
  31  2:48  Probe  
  33  2:58  Probe  
  33  3:00  Robotics Facility  
  33  3:11  Probe  
  33  3:12  Probe  
  35  3:18  Gateway, Stalker  
  37  3:20  Gateway  
  37  3:24  Probe x2  
  39  3:32  Probe  
  37  3:34  Pylon  
  37  3:36  Probe  
  37  3:38  Warp Prism  
  37  3:40  Probe  
  37  3:48  Probe  
  39  3:51  Probe  
  42  3:59  Pylon  
  42  4:00  Probe  
  43  4:03  Probe  
  44  4:10  Observer  
  44  4:11  Stalker  
  44  4:12  Stalker  
  44  4:14  Stalker  
  44  4:15  Probe  
  44  4:16  Probe  
  53  4:22  Assimilator  
  53  4:25  Assimilator  
  53  4:26  Pylon  
  53  4:27  Probe  
  53  4:28  Probe  
  53  4:29  Observer  
  56  4:43  Stalker x3  
  56  4:44  Probe  
  56  4:45  Probe  
  64  4:50  Observer  
  65  4:56  Probe  
  65  4:57  Probe  
  67  5:03  Forge  
  67  5:04  Twilight Council  
  67  5:11  Pylon  
  67  5:17  Protoss Ground Weapons Level 1  
  67  5:21  Pylon  
  67  5:24  Nexus  
  67  5:28  Charge  
  67  5:29  Observer  
  68  5:39  Robotics Bay  
  68  5:42  Probe x2, Pylon  
  70  5:50  Sentry  
  70  5:54  Probe  
  70  5:55  Probe  
  70  5:56  Immortal  
  78  6:06  Probe  
  78  6:07  Probe  
  78  6:09  Gateway  
  80  6:12  Gateway  
  80  6:21  Gateway, Probe x2  
  82  6:28  Colossus  
  82  6:29  Extended Thermal Lance  
  82  6:33  Probe x2  
  82  6:36  Probe  
  91  6:40  Sentry  
  91  6:41  Zealot x2  
  91  6:42  Protoss Ground Armor Level 1  
  91  6:45  Observer, Probe  
  98  6:48  Pylon  
  98  6:50  Probe  
  98  6:52  Probe  
  100  6:55  Observer  
  100  6:57  Blink  
  100  6:59  Probe  
  100  7:00  Pylon  
  101  7:03  Stalker x2  
  101  7:07  Shield Battery  
  105  7:08  Probe, Pylon  
  105  7:09  Probe  
  105  7:15  Probe  
  107  7:19  Zealot x2  
  107  7:21  Probe  
  107  7:22  Probe  
  113  7:26  Assimilator  
  113  7:27  Probe  
  114  7:31  Colossus  
  114  7:32  Assimilator  
  114  7:33  Observer  
  114  7:34  Probe  
  121  7:38  Zealot x2  
  121  7:42  Zealot x2  
  129  7:45  Pylon  
  129  7:56  Zealot  
  129  7:57  Zealot  
  133  8:01  Pylon x2  
  133  8:03  Pylon  
  133  8:18  Zealot  
  133  8:19  Zealot x3  
  141  8:22  Gateway  
  141  8:25  Gateway  
  136  8:28  Pylon  
  136  8:29  Pylon  
  136  8:30  Colossus  
  136  8:31  Zealot  
  136  8:32  Zealot  
  140  8:36  Forge  
  140  8:39  Zealot x2  
  140  8:45  Zealot x2  
  144  8:49  Pylon  
  142  8:56  Zealot x2  
  142  9:00  Zealot x2  
  142  9:12  Observer  
  142  9:14  Observer  
  142  9:16  Stalker  
  144  9:22  Nexus, Stalker x2  
  148  9:24  Pylon  
  148  9:25  Disruptor  
  151  9:37  Stalker x2  
  151  9:38  Stalker x2  
  159  9:42  Photon Cannon  
  159  9:45  Shield Battery  
  159  9:51  Pylon  
  161  9:53  Stalker x2  
  163  10:03  Stalker x2  
  163  10:04  Stalker  
  169  10:07  Disruptor  
  169  10:13  Pylon  
  169  10:14  Zealot  
  170  10:25  Zealot x3  
  172  10:31  Stalker  
  172  10:32  Stalker x2  
  174  10:37  Probe x2  
  174  10:38  Probe  
  177  10:46  Zealot x3  
Tags
 
Add a new tag
Caveats
  • Supply blocks, unpowered buildings, or Contaminate may cause inaccurate times.
  • Supply counts are checked every 10 seconds.